 Dungeon Crawl Stone Soup version 0.30.0-5-g1a98f26d00 (webtiles) character file.

Game seed: 3071844651280379391

67 jasper the Cutter (level 4, 23/23 HPs)
             Began as a Spriggan Berserker on May 11, 2023.
             Was a Believer of Trog.
             Quit the game on level 3 of the Dungeon.
             The game lasted 00:01:57 (1144 turns).

jasper the Cutter (Spriggan Berserker)              Turns: 1144, Time: 00:01:58

Health: 23/23      AC:  2    Str: 13    XL:     4   Next: 0%
Magic:  5/5        EV: 18    Int:  8    God:    Trog [**....]
Gold:   108        SH:  0    Dex: 16    Spells: 3/3 levels left

rFire   . . .        c - +1 whip (elec)
rCold   + . .        (no shield)
rNeg    . . .        b - +0 animal skin
rPois   .            (helmet restricted)
rElec   .            (no cloak)
rCorr   .            (gloves unavailable)
SInv    +            (boots unavailable)
Will    .....        h - amulet of regeneration
Stlth   +            d - ring of protection from cold
HPRegen 1.03/turn    (no ring)
MPRegen 0.09/turn

%: no passive effects
@: very quick
A: very small, no large weapons, unfitting armour, see invisible, speed 3
a: Renounce Religion, Berserk, Trog's Hand


You were on level 3 of the Dungeon.
You worshipped Trog.
Trog was pleased with you.
You visited 1 branch of the dungeon, and saw 3 of its levels.

You collected 108 gold pieces.

Inventory:

Hand Weapons
 a - a +0 short sword
 c - a +1 whip of electrocution (weapon)
 g - a +0 rapier
Armour
 b - a +0 animal skin (worn)
Jewellery
 d - a ring of protection from cold (left hand)
 h - an amulet of regeneration (around neck)
Scrolls
 i - 2 scrolls of identify {unknown}
Potions
 e - a potion of attraction {unknown}
 f - a potion of ambrosia {unknown}
 j - a potion of experience {unknown}


   Skills:
 - Level 2.4 Fighting
 + Level 5.4 Short Blades
 - Level 4.0 Dodging


You had 3 spell levels left.
You didn't know any spells.
Your spell library was empty.

Dungeon Overview and Level Annotations

Branches:
Dungeon (3/15)

Altars:


Innate Abilities, Weirdness & Mutations

You are very small and have problems with some larger weapons.
You are too small for most types of armour.
You have supernaturally acute eyesight. (SInv)
You cover ground extremely quickly. (Speed+++)


Message History

Found a stone staircase leading down.
Health restored: 19
Found a stone staircase leading up.
A bat and a ball python come into view.
There are monsters nearby!
There are monsters nearby!
A rat comes into view.
The ball python hisses angrily.
The bat closely misses you. The bat closely misses you.
You hit the bat.
The bat is severely wounded.
The bat hits you but does no damage. The ball python bites you.
The ball python barely misses you.
You take 1 damage, and have 18/19 hp.
You hit the ball python.
Lightning courses through the ball python!
You kill the ball python!
Trog accepts your kill. The bat barely misses you.
Health restored: 19 You hit the bat.
The bat is severely wounded.
The bat closely misses you.
The rat twitches its whiskers.
You hit the bat. Lightning courses through the bat!
You kill the bat!
Trog accepts your kill. The rat bites you but does no damage.
You barely miss the rat. The rat barely misses you.
You hit the rat. Lightning courses through the rat!
You kill the rat!
Trog accepts your kill.
You have reached level 4!
Health restored: 23; MP restored: 5 You see here a ball python corpse.
An adder comes into view.
The adder hisses angrily.
An adder is nearby!
Are you sure you want to abandon this character and quit the game? (Confirm with "yes".)

#.##.##...††..........#
#####.##>##...............#
.......#.##...............#
####.....##...............#
##.....................#
###..##..#...............#
##.#.####.##.............##
#..#.# #.###...........##
...#.# #.# #.##@.#######
..##.# #.# #.##.## ####.#
#.# .##.# ###..# #.. #.#
....## ##. #.# .#### #.# ##
#S# ..# #.# #.#


You could see an adder.

Vanquished Creatures
  A gnoll (D:1)
  An adder (D:2)
  A worm (D:3)
  3 dart slugs (D:1)
  3 ball pythons
  4 giant cockroaches
  3 goblins
  5 hobgoblins
  3 kobolds
  3 quokkas
  4 bats
  2 frilled lizards (D:1)
  6 rats
39 creatures vanquished.

Notes
Turn   | Place    | Note
-------+----------+-------------------------------------------
     0 | D:1      | jasper the Spriggan Berserker began the quest for the Orb.
     0 | D:1      | Reached XP level 1. HP: 11/11 MP: 2/2
   111 | D:1      | Reached skill level 4 in Short Blades
   111 | D:1      | Reached XP level 2. HP: 16/16 MP: 3/3
   636 | D:1      | Reached XP level 3. HP: 19/19 MP: 4/4
   665 | D:1      | Found a faded altar of an unknown god.
   925 | D:2      | Reached ** piety under Trog
   927 | D:2      | Reached skill level 5 in Short Blades
   933 | D:2      | You fall into a shaft and drop 1 floor!
  1129 | D:3      | Reached XP level 4. HP: 23/23 MP: 5/5
  1144 | D:3      | Quit the game

Illustrated notes

Levels and vault maps discovered:
D:1:      ncdulo_smallfort, layout_loops_ring,
          hellmonk_ecumenical_altar_defaced_shrine, minmay_misc_feat_enclosed,
          nicolae_hexahallways
D:2:      layout_loops_cross, basic_altar, ebering_dispersal_statue_hall,
          minmay_between, uniq_robin, uniq_terence, uniq_natasha,
          uniq_crazy_yiuf_cottage
D:3:      layout_rooms, xom_confusion_cloud

Skill      XL: |  1  2  3 |
---------------+----------+-----
Short Blades   | 4 5 |  5.4
Fighting       | |  2.4
Dodging        | |  4.0

Action                     |  1- 3 |  4- 6 || total
---------------------------+-------+-------++-------
  Melee: Short sword       |    43 |       ||    43
         Whip              |    79 |       ||    79
 Invoke: Berserk           |     2 |       ||     2
    Use: Scroll            |     2 |       ||     2
   Stab: Sleeping          |     4 |       ||     4
 Armour: Animal skin       |    13 |       ||    13
  Dodge: Dodged            |    85 |       ||    85
